 Dungeon Crawl Stone Soup version 0.22.1-2-g9c5b331383 (webtiles) character file.

9130 Marnok the Carver (level 11, -3/97 HPs)
             Began as a Hill Orc Fighter on Dec 6, 2018.
             Slain by a blink frog (10 damage)
             ... on level 1 of the Lair of Beasts.
             The game lasted 00:50:42 (10281 turns).

Marnok the Carver (Hill Orc Fighter)               Turns: 10281, Time: 00:50:43

Health: -3/97      AC: 20    Str: 23    XL:     11   Next: 41%
Magic:  11/11      EV:  6    Int: 10    God:
Gold:   417        SH: 12    Dex: 10    Spells: 10/10 levels left

rFire    + . .     SeeInvis .   E - +0 falchion (flame)
rCold    + . .     Gourm    .   c - +0 shield
rNeg     . . .     Faith    .   e - +3 plate armour {rC+}
rPois    +         Spirit   .   (no helmet)
rElec    .         Reflect  .   (no cloak)
rCorr    .         Harm     .   l - +0 pair of gloves
MR       .....                  x - +0 pair of boots
Stlth    ..........             (no amulet)
HPRegen  0.26/turn              d - ring of poison resistance
MPRegen  0.12/turn              f - ring of protection from fire

@: no status effects
A: clever 1, mutation resistance 1
a: no special abilities


You were on level 1 of the Lair of Beasts.
You were not hungry.

You visited 2 branches of the dungeon, and saw 12 of its levels.
You also visited: Sewer.

You collected 417 gold pieces.

Inventory:

Hand Weapons
 a - a +2 long sword
 B - a +1 battleaxe of freezing
 E - a +0 falchion of flaming (weapon)
Missiles
 u - 5 exploding tomahawks
 C - 3 throwing nets (quivered)
Armour
 b - a +0 scale mail
 c - a +0 shield (worn)
 e - a +3 plate armour of cold resistance (worn)
 l - a +0 pair of gloves (worn)
 o - a +3 chain mail
 t - a +0 ring mail of cold resistance
 x - a +0 pair of boots (worn)
Jewellery
 d - a ring of poison resistance (left hand)
 f - a ring of protection from fire (right hand)
 i - a +3 ring of intelligence
 r - an uncursed ring of see invisible {unknown}
Wands
 g - a wand of paralysis (13)
 m - a wand of flame (37)
 q - a wand of random effects (17)
 s - a wand of polymorph (8)
 y - a wand of disintegration (13)
 D - a wand of digging (14)
Scrolls
 h - 2 scrolls of teleportation
 j - 2 scrolls of random uselessness
 k - a scroll of noise
 p - 4 scrolls of identify
 z - 4 scrolls of remove curse {unknown}
 A - a scroll of silence {unknown}
Potions
 v - 2 potions of lignification
 w - a potion of flight
Comestibles
 n - 15 rations


   Skills:
 + Level 9.4 Fighting
 + Level 11.3 Long Blades
 + Level 0.2 Throwing
 + Level 10.1 Armour
 + Level 1.0 Dodging
 + Level 0.7 Stealth
 + Level 9.7 Shields
 + Level 0.1 Evocations


You had 10 spell levels left.
You didn't know any spells.
Your spell library contained the following spells:

 Spells                   Type           Power        Failure   Level  Hunger
 Corona                   Hex            #......      100%        1    ##.....
 Shock                    Conj/Air       #...         100%        1    ##.....
 Slow                     Hex            #.......     100%        2    ###....
 Swiftness                Chrm/Air       #.......     100%        2    ###....
 Inner Flame              Hex/Fire       #.......     100%        3    ####...
 Portal Projectile        Hex/Tloc       #.....       100%        3    ####...
 Static Discharge         Conj/Air       #.......     100%        3    ####...
 Airstrike                Air            #.........   100%        4    #####..
 Cause Fear               Hex            #.........   100%        4    #####..
 Leda's Liquefaction      Hex/Erth       #.........   100%        4    #####..
 Lightning Bolt           Conj/Air       #.........   100%        5    ######.


Dungeon Overview and Level Annotations

Branches:
Dungeon (11/15)            Temple (0/1) D:6            Lair (1/6) D:9
    Orc: D:9-12

Altars:
Elyvilon

Shops:
D:5 :   D:9 *


Innate Abilities, Weirdness & Mutations

Your mind is acute. (Int +2)
You are somewhat resistant to further mutation.


Message History

A blink frog comes into view.
The blink frog gives a loud, deep croak!
You hear a croak.
The blink frog hits you!
* * * LOW HITPOINT WARNING * * *
Found a potion of curing and a glowing short sword.
The blink frog blinks!
Found 30 gold pieces.
You block the blink frog's attack.
You hit the blink frog. You burn the blink frog.
The blink frog is lightly wounded.
The blink frog hits you but does no damage.
Aiming: Paralyse
Press: ? - help, Shift-Dir - straight line, f - blink frog
Aim: a blink frog (lightly wounded, chance to defeat MR: 28%)
The blink frog suddenly stops moving!
Found 23 arrows.
A blink frog comes into view.
The blink frog hits you!
You die...

###### .... ....
...# ##..# #.(.#
$...$.# #...#
......# #@.##
......# #F..#
......#
##..####.......
#...##.#.......
##............#
#...F........#
#............P
...............#
.......####+##...


You could see 2 blink frogs.

Vanquished Creatures
  Harold (D:8)
  2 hydras
  A two-headed ogre (D:9)
  2 komodo dragons (Lair:1)
  A queen bee (D:9)
  2 dream sheep (D:8)
  7 yaks
  2 hungry ghosts (D:7)
  3 slaves (D:6)
  2 sky beasts
  2 ice beasts
  A phantom (D:8)
  An orc warrior (D:6)
  A black bear (D:8)
  A crocodile (Lair:1)
  4 ogres
  4 big kobolds
  7 bullfrogs
  3 scorpions
  17 killer bees
  2 howler monkeys
  5 wights (D:8)
  2 crimson imps (D:6)
  2 bullfrog zombies
  2 jellies
  4 orc priests
  A centaur skeleton (D:4)
  3 hounds
  Jessica (D:2)
  4 iguanas
  Natasha (thrice) (D:2)
  3 orc wizards
  6 worker ants
  A hound skeleton (D:4)
  3 river rats
  4 adders
  3 oozes
  7 worms
  2 dart slugs (D:1)
  6 leopard geckos
  21 orcs
  3 ball pythons
  9 bats
  11 giant cockroaches
  11 goblins
  3 hobgoblins
  9 jackals
  5 quokkas
  9 frilled lizards
  11 kobolds
  A leopard gecko zombie (D:5)
  8 rats
229 creatures vanquished.

Vanquished Creatures (collateral kills)
  A centaur (D:5)
  A crimson imp (D:5)
2 creatures vanquished.

Vanquished Creatures (others)
  Pikel (D:6)
  A slave (D:6)
  A quokka (D:4)
  A frilled lizard (D:4)
  A plant (D:9)
5 creatures vanquished.

Grand Total: 236 creatures vanquished

Notes
Turn   | Place    | Note
-------+----------+-------------------------------------------
     0 | D:1      | Marnok the Hill Orc Fighter began the quest for the Orb.
     0 | D:1      | Reached XP level 1. HP: 19/19 MP: 1/1
   366 | D:1      | Reached XP level 2. HP: 24/27 MP: 2/2
   574 | D:1      | Reached XP level 3. HP: 32/33 MP: 3/3
   698 | D:2      | Noticed Natasha
   711 | D:2      | Killed Natasha
   785 | D:2      | Noticed Jessica
   793 | D:2      | Killed Jessica
   793 | D:2      | Reached skill level 3 in Long Blades
   793 | D:2      | Reached XP level 4. HP: 27/40 MP: 4/4
  1106 | D:2      | Noticed Natasha
  1113 | D:2      | Killed Natasha
  1113 | D:2      | Reached XP level 5. HP: 37/46 MP: 5/5
  1347 | D:2      | Noticed Natasha
  1382 | D:2      | Gained mutation: You are somewhat resistant to further
                  | mutation. [potion of mutation]
  1382 | D:2      | Gained mutation: Your mind is acute. (Int +2) [potion of
                  | mutation]
  1384 | D:2      | Killed Natasha
  2015 | D:3      | Reached skill level 4 in Long Blades
  2019 | D:3      | Reached XP level 6. HP: 38/53 MP: 6/6
  2409 | D:3      | You fall through a shaft!
  2413 | D:4      | Found a white marble altar of Elyvilon.
  2454 | D:4      | Reached skill level 5 in Long Blades
  2454 | D:4      | Reached XP level 7. HP: 27/60 MP: 7/7
  2696 | D:4      | Reached skill level 5 in Fighting
  2703 | D:4      | Reached skill level 5 in Shields
  2962 | D:4      | Reached skill level 5 in Armour
  3215 | D:5      | Entered Level 5 of the Dungeon
  3286 | D:4      | Reached skill level 6 in Long Blades
  3503 | D:5      | Reached XP level 8. HP: 68/69 MP: 8/8
  4054 | D:5      | Found Xeaj's Book Emporium.
  4116 | D:6      | Reached skill level 7 in Long Blades
  4293 | D:6      | Found a glowing drain.
  4330 | Sewer    | Entered a sewer
  4338 | Sewer    | Reached skill level 1 in Dodging
  4514 | Sewer    | Found a glowing silver altar of Zin.
  5089 | D:6      | Killed Pikel
  5921 | D:6      | Reached skill level 8 in Long Blades
  5921 | D:6      | Reached XP level 9. HP: 57/75 MP: 9/9
  7301 | D:8      | Reached skill level 9 in Long Blades
  7753 | D:10     | Entered Level 10 of the Dungeon
  7785 | D:8      | Noticed Harold
  7809 | D:8      | Killed Harold
  7809 | D:8      | Reached XP level 10. HP: 48/86 MP: 10/10
  8028 | D:9      | Found Vuazame's Assorted Antiques.
  8163 | D:8      | Reached skill level 10 in Long Blades
  8374 | D:8      | Noticed a three-headed hydra
  8380 | D:8      | Killed a one-headed hydra
  8725 | D:9      | Found a staircase to the Lair.
  8729 | D:9      | Noticed a two-headed ogre
  8759 | D:9      | Killed a two-headed ogre
  9069 | D:9      | Reached XP level 11. HP: 96/97 MP: 11/11
  9174 | D:9      | Reached skill level 11 in Long Blades
  9833 | Lair:1   | Entered Level 1 of the Lair of Beasts
 10171 | Lair:1   | Reached skill level 10 in Armour
 10240 | Lair:1   | Noticed a five-headed hydra
 10262 | Lair:1   | Killed a one-headed hydra
 10281 | Lair:1   | Slain by a blink frog

Skill      XL: |  1  2  3  4  5  6  7  8  9 10 11 |
---------------+----------------------------------+-----
Fighting       | 4 5 6 7 9 |  9.4
Armour         | 4 5 6 8 9 10 | 10.1
Shields        | 4 5 6 8 9 |  9.7
Long Blades    | 3 4 5 6 8 9 10 11 | 11.3
Dodging        | 1 |  1.0
Throwing       | |  0.2
Stealth        | |  0.7
Evocations     | |  0.1

Action                   |  1- 3 |  4- 6 |  7- 9 | 10-12 || total
-------------------------+-------+-------+-------+-------++-------
Melee: Long sword        |   106 |   269 |   675 |    61 ||  1111
       Falchion          |       |       |       |   297 ||   297
Throw: Throwing net      |       |       |     1 |     1 ||     2
Evoke: Wand              |       |       |     5 |     1 ||     6
  Use: Potion            |       |     4 |     7 |     2 ||    13
       Scroll            |       |       |    15 |     2 ||    17
  Eat: Ration            |       |     2 |     8 |     3 ||    13
       Chunk             |       |     1 |     3 |       ||     4
Armor: Scale mail        |    14 |       |       |       ||    14
       Plate armour      |    70 |   177 |   447 |   121 ||   815
Dodge: Dodged            |    20 |    39 |   122 |    46 ||   227
Block: Shield            |    52 |   139 |   374 |   151 ||   716
       Rpst.: Long sword |    10 |    12 |    38 |       ||    60
       Falchion          |       |       |       |    15 ||    15
